 Dungeon Crawl Stone Soup version 0.26.1-11-gd32895ea62 (webtiles) character file.

Game seed: 16511161056974412631

102 Zeld the Twirler (level 4, 0/29 HPs)
             Began as an Octopode Gladiator on May 23, 2021.
             Slain by a centaur zombie (1 damage)
             ... on level 3 of the Dungeon.
             The game lasted 00:02:10 (3262 turns).

Zeld the Twirler (Octopode Gladiator)               Turns: 3262, Time: 00:02:10

Health: 0/29       AC:  1    Str: 14    XL:     4   Next: 77%
Magic:  4/4        EV: 14    Int: 10    God:
Gold:   90         SH:  0    Dex: 13    Spells: 3/3 levels left

rFire    . . .     SeeInvis .   a - +0 quarterstaff
rCold    . . .     Faith    .   (shield currently unavailable)
rNeg     . . .     Spirit   .   b - +0 hat
rPois    .         Reflect  .   (no amulet)
rElec    .         Harm     .   (no ring)
rCorr    .         Rampage  .   (no ring)
Will     .....                  (no ring)
Stlth    ++........             (no ring)
HPRegen  0.09/turn              (no ring)
MPRegen  0.09/turn              (no ring)
                                (no ring)
                                (no ring)

@: no status effects
A: almost no armour, stealthy swim, amphibious, 8 rings, constrict 8, camouflage
1, gelatinous body 1
a: no special abilities


You were on level 3 of the Dungeon.
You visited 1 branch of the dungeon, and saw 3 of its levels.

You collected 90 gold pieces.

Inventory:

Hand Weapons
 a - a +0 quarterstaff (weapon)
Missiles
 c - 3 throwing nets (quivered)
Armour
 b - a +0 hat (worn)
Jewellery
 j - an uncursed ring of flight {unknown}
Wands
 i - a wand of disintegration (19)
Scrolls
 e - a scroll of enchant armour {unknown}
 h - 2 scrolls of identify {unknown}
 k - a scroll of magic mapping {unknown}
Potions
 d - a potion of brilliance {unknown}
 f - 2 potions of heal wounds {unknown}
 g - 2 potions of haste {unknown}


   Skills:
 - Level 2.0 Fighting
 * Level 5.3 Staves
 - Level 2.0 Throwing
 - Level 3.0 Dodging


You had 3 spell levels left.
You didn't know any spells.
Your spell library was empty.

Dungeon Overview and Level Annotations

Branches:
Dungeon (3/15)

Altars:


Innate Abilities, Weirdness & Mutations

You cannot wear most types of armour.
You are very stealthy in the water. (Stealth+)
You are amphibious.
You can wear up to eight rings at the same time.
You can use your tentacles to constrict eight enemies at once.
Your skin changes colour to match your surroundings (Stealth+).
Your rubbery body absorbs attacks. (AC +1, EV +1)


Message History

The centaur zombie is severely damaged.
The centaur zombie hits you.
You are too injured to fight recklessly!
You are too injured to fight recklessly!
You are too injured to fight recklessly!
You hit the centaur zombie but do no damage.
The centaur zombie is severely damaged.
The centaur zombie hits you.
* * * LOW HITPOINT WARNING * * *
You barely miss the centaur zombie.
The centaur zombie is severely damaged.
The centaur zombie hits you.
* * * LOW HITPOINT WARNING * * *
The centaur zombie hits you.
* * * LOW HITPOINT WARNING * * *
Unknown command.
Press: ? - help, v - describe, . - travel A stone staircase leading up, spattered with blood.
The centaur zombie hits you.
You die...

.. ... . #.###
..#..#. .....## #
.....# . ...
#.#.## ...
....?#...@#.....
.........Z...[...
...#..รท##........
....#.. ...#.....
..< #.. .....#...
. $......### ##
........#
.........# .....#
...


You could see a centaur zombie.

Vanquished Creatures
  4 adders
  2 worms (D:2)
  2 dart slugs (D:1)
  3 leopard geckos
  A ball python (D:2)
  3 giant cockroaches (D:1)
  6 goblins
  6 hobgoblins
  4 jackals (D:2)
  6 kobolds
  A quokka (D:2)
  2 bats (D:1)
  3 frilled lizards
  11 rats
  2 bushes (D:2)
56 creatures vanquished.

Vanquished Creatures (others)
  12 plants
12 creatures vanquished.

Grand Total: 68 creatures vanquished

Notes
Turn   | Place    | Note
-------+----------+-------------------------------------------
     0 | D:1      | Zeld the Octopode Gladiator began the quest for the Orb.
     0 | D:1      | Reached XP level 1. HP: 14/14 MP: 1/1
   105 | D:1      | Reached XP level 2. HP: 19/19 MP: 2/2
   393 | D:1      | Reached skill level 4 in Staves
   485 | D:1      | Reached XP level 3. HP: 24/24 MP: 3/3
  1737 | D:2      | Reached XP level 4. HP: 25/29 MP: 4/4
  1924 | D:2      | Reached skill level 5 in Staves
  3261 | D:3      | HP: 1/29 [centaur zombie (2)]
  3262 | D:3      | Slain by a centaur zombie

Illustrated notes

Levels and vault maps discovered:
D:1:      dpeg_arrival_solitude, layout_basic, serial_bayou,
          serial_bayou_shore_b, serial_bayou_lagoon_b, serial_bayou_pond_a,
          serial_bayou_lagoon_a, minmay_3d_cube
D:2:      layout_loops_ring, serial_forest, infiniplex_forest_end_double,
          infiniplex_forest_clump_tiny, infiniplex_forest_corner_1,
          infiniplex_forest_clump_C, infiniplex_forest_end_3,
          infiniplex_forest_lined_corner, infiniplex_forest_straight_1,
          infiniplex_forest_straight_1, infiniplex_forest_lined_2
D:3:      layout_rooms, eat_drink_and_be_merry_uskayaw, minmay_close_crescents

Skill      XL: |  1  2  3  4 |
---------------+-------------+-----
Staves         | 4 5 |  5.3
Fighting       | |  2.0
Throwing       | |  2.0
Dodging        | |  3.0

Action                   |  1- 3 |  4- 6 || total
-------------------------+-------+-------++-------
Melee: Quarterstaff      |    87 |   157 ||   244
       Constrict         |    37 |     8 ||    45
       Tentacles         |    19 |    41 ||    60
 Stab: Sleeping          |     4 |     2 ||     6
Armor: Skin              |     2 |     2 ||     4
Dodge: Dodged            |    49 |    28 ||    77
